 Dungeon Crawl Stone Soup version 0.23-a0-49-gd9f7a49 (webtiles) character file.

23219 SeniorJSONDeveloper the Fighter (level 13, -2/133 HPs)
             Began as an Ogre Fire Elementalist on Aug 6, 2018.
             Was an Elder of Vehumet.
             Slain by a tentacled starspawn (13 damage)
             ... on level 4 of the Abyss.
             The game lasted 01:01:23 (17986 turns).

SeniorJSONDeveloper the Fighter (OgFE)             Turns: 17986, Time: 01:01:28

Health: -2/133     AC:  7    Str: 15    XL:     13   Next: 5%
Magic:  27/35      EV: 12    Int: 20    God:    Vehumet [****..]
Gold:   930        SH:  0    Dex:  9    Spells: 10/31 levels left

rFire    + . .     SeeInvis .   z - +3 giant spiked club
rCold    x . .     Gourm    +   (shield currently unavailable)
rNeg     . . .     Faith    .   S - +0 troll leather armour
rPois    .         Spirit   .   (helmet restricted)
rElec    .         Reflect  .   e - +1 cloak
rCorr    .         Harm     .   (gloves unavailable)
MR       +....                  (boots unavailable)
Stlth    ++........             u - amulet of the gourmand
HPRegen  0.00/turn              m - ring of fire
MPRegen  0.24/turn              B - ring of magical power

@: lethally poisoned (-2 -> -3), about to teleport, very slightly contaminated,
non-regenerating, badly diseased, drained
A: large, unfitting armour, tough skin 1
a: Renounce Religion


You were on level 4 of the Abyss.
You worshipped Vehumet.
Vehumet was greatly pleased with you.
You were very full.

You visited 3 branches of the dungeon, and saw 14 of its levels.
You visited the Abyss 1 time.
You also visited: Ossuary and Volcano.

You collected 930 gold pieces.

Inventory:

Hand Weapons
 a - a +2 dagger of venom
 z - a +3 giant spiked club (weapon)
 K - the +4 flail of the Owl {antimagic, MR+, unknown}
   (You took it off a kobold on level 10 of the Dungeon)

   It reduces the magical energy of the wielder, and disrupts the spells and
   magical abilities of those hit.
   Natural abilities and divine invocations are not affected.
   It affects your resistance to hostile enchantments.
 M - a +2 dagger of electrocution
Armour
 e - a +1 cloak (worn)
 Q - a +1 robe of cold resistance
 S - a +0 troll leather armour (worn)
 U - a +1 robe of fire resistance
Jewellery
 m - a ring of fire (left hand)
 u - an amulet of the gourmand (around neck)
 w - an uncursed ring of fire
 B - a ring of magical power (right hand)
 F - an uncursed ring of poison resistance {unknown}
 G - an uncursed ring of protection from cold {unknown}
 L - an uncursed ring of fire
Wands
 b - a wand of flame (9)
 g - a wand of random effects (25)
 y - a wand of iceblast (27)
 A - a wand of acid (8)
 E - a wand of paralysis (21)
 N - a wand of polymorph (12)
Scrolls
 d - a scroll of magic mapping
 h - a scroll of summoning
 i - 2 scrolls of fog
 j - 6 scrolls of remove curse
 l - 10 scrolls of identify
 p - 3 scrolls of teleportation
 t - 2 scrolls of enchant armour
 x - a scroll of fear
 I - a scroll of blinking
 O - a scroll of vulnerability
Potions
 f - 4 potions of agility
 k - a potion of magic
 n - 3 potions of haste
 o - a potion of flight
 q - 3 potions of might
 r - a potion of berserk rage
 s - 4 potions of heal wounds
 v - a potion of cancellation
 C - a potion of mutation
 D - 2 potions of ambrosia
 H - a potion of resistance
 J - 3 potions of curing
 P - a potion of brilliance
Comestibles
 c - 26 rations


   Skills:
 - Level 10.0(9.5) Fighting
 + Level 8.3(7.8) Maces & Flails
 + Level 8.2(7.7) Dodging
 - Level 5.1(4.7) Stealth
 + Level 9.7(9.2) Spellcasting
 + Level 8.2(7.7) Conjurations
 + Level 8.2(7.7) Fire Magic


You had 10 spell levels left.
You knew the following spells:

 Your Spells              Type           Power        Failure   Level  Hunger
a - Flame Tongue          Conj/Fire      #####        1%          1    None
b - Throw Flame           Conj/Fire      ######       1%          2    None
c - Sticky Flame          Conj/Fire      ######..     1%          4    ###....
d - Fireball              Conj/Fire      ######....   3%          5    #####..
e - Ignite Poison         Fire/Tmut/Pois ####....     2%          3    None
f - Iskenderun's Mystic   Conj           #####...     1%          4    ###....
g - Passwall              Tmut/Erth      #.......     14%         2    None

Your spell library contained the following spells:

 Spells                   Type           Power        Failure   Level  Hunger
 Cause Fear               Hex            #.........   67%         4    ###....
 Magic Dart               Conj           ####         1%          1    None
 Apportation              Tloc           #.....       10%         1    None
 Conjure Flame            Conj/Fire      ######..     1%          3    None
 Throw Frost              Conj/Ice       ###...       1%          2    None
 Summon Small Mammal      Summ           #...         10%         1    None
 Animate Skeleton         Necr           N/A          10%         1    None
 Freeze                   Ice            #...         2%          1    None
 Summon Ice Beast         Ice/Summ       #.......     67%         4    ###....
 Ozocubu's Armour         Chrm/Ice       #.......     28%         3    None
 Stone Arrow              Conj/Erth      ###...       1%          3    None
 Statue Form              Tmut/Erth      #........    100%        6    ######.
 Dragon Form              Tmut           #.........   100%        7    #######
 Deflect Missiles         Chrm/Air       #.........   100%        6    ######.
 Throw Icicle             Conj/Ice       ###.....     5%          4    ###....
 Confusing Touch          Hex            #.....       10%         1    None
 Silence                  Hex/Air        #.........   95%         5    #####..
 Lee's Rapid Deconstruct  Erth           #.........   52%         5    #####..
 Sandblast                Erth           #.....       2%          1    None
 Petrify                  Tmut/Erth      #.......     67%         4    ###....
 Inner Flame              Hex/Fire       #####...     1%          3    None
 Fulminant Prism          Conj/Hex       ###.......   5%          4    ###....
 Dazzling Spray           Conj/Hex       ###...       1%          3    None
 Force Lance              Conj/Tloc      ###.....     5%          4    ###....
 Searing Ray              Conj           #####.       1%          2    None
 Discord                  Hex            #.........   100%        8    #######
 Yara's Violent Unravell  Hex/Tmut       #.........   52%         5    #####..


Dungeon Overview and Level Annotations

Branches:
Dungeon (12/15)            Temple (1/1) D:7            Lair (1/6) D:11
    Orc (0/2) D:10

Altars:
Ashenzari
Cheibriados
Dithmenos
Elyvilon
Fedhas
Gozag
Hepliaklqana
Kikubaaqudgha
Makhleb
Nemelex Xobeh
Okawaru
Qazlal
Ru
Sif Muna
Trog
Uskayaw
Vehumet
Wu Jian
Xom
Yredelemnul
Zin
The Shining One

Shops:
D:9 :

Annotations:
D:9 1 runed door


Innate Abilities, Weirdness & Mutations

You are too large for most types of armour.
You have tough skin. (AC +1)


Message History

The ancient zyme burns!
The ancient zyme stops burning.
The ancient zyme hits you! x2
* * * LOW HITPOINT WARNING * * *
The ancient zyme barely misses you. The ancient zyme hits you.
* * * LOW HITPOINT WARNING * * *
You feel ill.
Okay, then.
As you read the scroll of teleportation, it crumbles to dust.
You feel strangely unstable.
You feel the power of the Abyss delaying your translocation!
You feel sick. The ancient zyme barely misses you. The ancient zyme misses you.
You feel ill.
Unknown command.
You feel much better. The ancient zyme closely misses you.
The ancient zyme hits you!
* * * LOW HITPOINT WARNING * * *
The tentacled starspawn bites you!!
* * * LOW HITPOINT WARNING * * *
The tentacled starspawn engulfs you!
You die...

#X #.# ..##
#..### ###
#..#### . ..
#xX...# . #
#@#.#.## #
..
#.#.#..##..
# #
.##..#.x#.#
h .. #
...#..#....#
# # .
.##.#.##.
##. # .###.
#.. ####
#..# .
#.....#$
.#.#§..#
...# . # ..
.#.§# #...##
... .# .
.#..##.. x##
.. ....


You could see a tentacled starspawn and an ancient zyme.

Vanquished Creatures
  Fannar (D:11)
  2 hydras
  5 two-headed ogres
  An ogre mage (D:10)
  An orc knight (D:10)
  4 wizards (Volcano)
  2 deep elf magi
  Psyche (D:10)
  2 toenail golems (Volcano)
  A spiny frog (Lair:1)
  A komodo dragon (D:12)
  5 kobold demonologists (D:11)
  A troll (D:12)
  2 hornets
  Grinder (D:4)
  A spriggan (D:8)
  A wraith (D:10)
  11 yaks
  A wyvern (D:10)
  A steam dragon (D:12)
  A basilisk (D:10)
  A hungry ghost (D:10)
  2 wargs (D:11)
  3 water moccasins
  3 porcupines (Lair:1)
  7 ice beasts
  2 sky beasts (D:10)
  6 orc warriors
  A phantom (D:8)
  A necrophage (D:10)
  5 centaurs
  5 ogres
  14 bullfrogs
  3 big kobolds
  A gnoll sergeant (D:9)
  4 elf zombies (Ossuary)
  4 scorpions
  A wyvern skeleton (D:6)
  10 killer bees
  5 wights (D:11)
  5 howler monkeys
  6 crimson imps
  3 bullfrog zombies
  A quasit (D:9)
  2 jellies (D:10)
  5 bullfrog skeletons
  2 human zombies (Ossuary)
  8 orc priests
  16 orc wizards
  2 centaur skeletons
  10 hounds
  2 iguanas
  Natasha (thrice) (D:2)
  11 worker ants
  2 hound zombies
  2 human simulacra (D:12)
  4 hound skeletons
  2 mummies (Ossuary)
  Robin (D:2)
  A worker ant zombie (D:9)
  A howler monkey zombie (D:6)
  6 gnolls
  13 adders
  2 shadow imps (D:12)
  5 adder zombies
  An adder skeleton (D:9)
  3 worms
  3 dart slugs
  4 leopard geckos
  53 orcs
  2 ball pythons (D:2)
  11 giant cockroaches
  15 goblins
  10 hobgoblins
  6 jackals
  18 kobolds
  6 quokkas
  6 bats
  5 frilled lizards
  A giant cockroach zombie (D:5)
  A goblin zombie (Ossuary)
  11 hobgoblin zombies (Ossuary)
  A jackal skeleton (D:5)
  10 kobold zombies (Ossuary)
  5 orc zombies (Ossuary)
  3 rats (D:2)
  2 butterflies (D:9)
416 creatures vanquished.

Notes
Turn   | Place    | Note
-------+----------+-------------------------------------------
     0 | D:1      | SeniorJSONDeveloper the Ogre Fire Elementalist began the quest for the Orb.
     0 | D:1      | Reached XP level 1. HP: 16/16 MP: 3/3
   306 | D:1      | Reached skill level 1 in Conjurations
   381 | D:1      | Reached XP level 2. HP: 26/26 MP: 2/5
   633 | D:1      | Reached skill level 1 in Fighting
   823 | D:2      | Reached XP level 3. HP: 31/33 MP: 2/7
   955 | D:2      | Learned a level 2 spell: Throw Flame
  1105 | D:2      | Noticed Natasha
  1536 | D:2      | Killed Natasha
  1536 | D:2      | Reached XP level 4. HP: 38/42 MP: 4/8
  1543 | D:2      | Found an ornate altar of the Wu Jian Council.
  1544 | D:2      | Noticed Natasha
  1546 | D:2      | Noticed Robin
  1700 | D:2      | Reached skill level 2 in Fighting
  2338 | D:2      | Killed Robin
  2338 | D:2      | Reached XP level 5. HP: 13/49 MP: 0/9
  2574 | D:2      | Killed Natasha
  2662 | D:2      | Noticed Natasha
  2838 | D:2      | Killed Natasha
  3206 | D:3      | Reached XP level 6. HP: 32/59 MP: 1/11
  3476 | D:3      | Found a burning altar of Makhleb.
  3539 | D:3      | Found a shadowy altar of Dithmenos.
  3769 | D:3      | Found an ancient bone altar of Kikubaaqudgha.
  3772 | D:3      | Found a stormy altar of Qazlal.
  3772 | D:3      | Found a hide-covered altar of Uskayaw.
  3783 | D:3      | Found a bloodstained altar of Trog.
  3787 | D:3      | Found an iron altar of Okawaru.
  4089 | D:4      | Reached skill level 3 in Fighting
  4225 | D:4      | Reached XP level 7. HP: 65/67 MP: 0/12
  4252 | D:4      | Reached skill level 1 in Maces & Flails
  4327 | D:4      | Found a sand-covered staircase.
  4361 | Ossuary  | Entered an ossuary
  4937 | Ossuary  | Reached skill level 4 in Fighting
  5029 | Ossuary  | Reached XP level 8. HP: 14/78 MP: 1/14
  5523 | D:4      | Noticed Grinder
  5573 | D:4      | Learned a level 4 spell: Sticky Flame
  5576 | D:4      | Killed Grinder
  5930 | D:3      | Learned a level 5 spell: Fireball
  5938 | D:4      | Reached skill level 5 in Spellcasting
  6085 | D:4      | Reached skill level 5 in Fighting
  6155 | D:5      | Entered Level 5 of the Dungeon
  6335 | D:5      | Reached XP level 9. HP: 87/88 MP: 17/17
  7395 | D:6      | Reached skill level 5 in Fire Magic
  7836 | D:7      | Found a staircase to the Ecumenical Temple.
  7841 | Temple   | Entered the Ecumenical Temple
  7916 | Temple   | Became a worshipper of Vehumet
  8115 | D:7      | Reached skill level 5 in Dodging
  8674 | D:8      | Reached * piety under Vehumet
  8674 | D:8      | Offered knowledge of Sting by Vehumet.
  8674 | D:8      | Reached skill level 5 in Conjurations
  8792 | D:8      | Reached skill level 5 in Stealth
  8863 | D:8      | Reached skill level 5 in Maces & Flails
  8863 | D:8      | Reached XP level 10. HP: 95/96 MP: 19/19
  9306 | D:9      | Noticed a two-headed ogre
  9323 | D:9      | Killed a two-headed ogre
  9865 | D:9      | Found a runed door.
  9894 | D:9      | Found a runed door.
  9918 | D:9      | Reached skill level 6 in Fighting
 10010 | D:9      | Found Qixailup's Book Shop.
 10383 | D:10     | Entered Level 10 of the Dungeon
 10462 | D:10     | You fall through a shaft for 2 floors!
 10949 | D:11     | Paralysed by a hornet for 1 turns
 10951 | D:11     | Reached ** piety under Vehumet
 10967 | D:11     | Noticed a six-headed hydra
 10981 | D:10     | Offered knowledge of Sandblast by Vehumet.
 10988 | D:10     | Noticed Psyche
 11125 | D:10     | Found a staircase to the Orcish Mines.
 11127 | D:10     | Noticed a two-headed ogre
 11140 | D:10     | Killed a two-headed ogre
 11140 | D:10     | Reached XP level 11. HP: 74/107 MP: 21/21
 11145 | D:10     | Killed Psyche
 11145 | D:10     | Reached skill level 7 in Fighting
 11633 | D:10     | Noticed a deep elf mage
 11642 | D:10     | Killed a deep elf mage
 11840 | D:10     | Noticed an ogre mage
 11843 | D:10     | Noticed an orc knight
 11878 | D:10     | Killed an ogre mage
 11973 | D:10     | Offered knowledge of Ignite Poison by Vehumet.
 11998 | D:10     | Got an uncursed ebony flail {antimagic}
 12322 | D:10     | Reached *** piety under Vehumet
 12337 | D:10     | Reached skill level 8 in Fighting
 12742 | D:10     | Killed an orc knight
 12971 | D:10     | Noticed a two-headed ogre
 12983 | D:10     | Killed a two-headed ogre
 12992 | D:10     | Learned a level 3 spell: Ignite Poison
 13250 | D:10     | Noticed a two-headed ogre
 13271 | D:10     | Killed a two-headed ogre
 13561 | D:9      | Offered knowledge of Airstrike by Vehumet.
 13733 | D:11     | Noticed Fannar
 13749 | D:11     | Killed Fannar
 14096 | D:11     | Reached XP level 12. HP: 71/122 MP: 22/24
 14375 | D:11     | Noticed a seven-headed hydra
 14667 | D:10     | Killed a seven-headed hydra
 14667 | D:10     | Reached skill level 9 in Fighting
 15003 | D:11     | Reached **** piety under Vehumet
 15257 | D:11     | Killed a six-headed hydra
 15789 | D:11     | Found a staircase to the Lair.
 15890 | D:11     | Offered knowledge of Lee's Rapid Deconstruction by Vehumet.
 16723 | D:12     | Identified the Incunabulum of Shape Shifting
 16800 | D:12     | Noticed a two-headed ogre
 16805 | D:12     | Killed a two-headed ogre
 16995 | Lair:1   | Entered Level 1 of the Lair of Beasts
 17134 | Lair:1   | Noticed an eight-headed hydra
 17211 | Lair:1   | Reached skill level 10 in Fighting
 17217 | Lair:1   | Found a dark tunnel.
 17224 | Lair:1   | Learned a level 4 spell: Iskenderun's Mystic Blast
 17246 | Volcano  | Entered a volcano
 17671 | Volcano  | Reached XP level 13. HP: 114/133 MP: 26/26
 17754 | Volcano  | Cast into level 2 of the Abyss (a wizard)
 17771 | Abyss:2  | Noticed a deep elf demonologist
 17853 | Abyss:3  | Found a corrupted altar of Lugonu.
 17860 | Abyss:4  | Found a corrupted altar of Lugonu.
 17876 | Abyss:4  | Learned a level 2 spell: Passwall
 17922 | Abyss:4  | Noticed a purple draconian
 17956 | Abyss:4  | Noticed a black draconian
 17977 | Abyss:4  | Noticed a tentacled starspawn
 17986 | Abyss:4  | Slain by a tentacled starspawn

Vault maps used:
D:1:      scummos_arrival_checkerplants
D:2:      lemuel_round_altar, kennysheep_generic_room_11, uniq_natasha,
          uniq_robin
D:3:      old_standard_altar, nicolae_overflow_hidden_temple,
          minmay_overflow_temple_star_hex
D:4:      minmay_opposing_rooms, chequers_ossuary_entry_cave, uniq_grinder
D:5:      first_ration
D:6:      st_stairs_7
D:7:      temple_fountains
D:8:      the_bakery, serial_bayou_pond_c, hex_large
D:9:      lemuel_insect_pit, serial_shops, shop
D:10:     hangedman_cross_veins, orc_0_dummy, uniq_psyche
D:11:     erik_lair_orcish_takeover, serial_co_window_serial, co_window_paths_b,
          co_window_paths_a, co_window_paths_a, co_window_corner_a,
          co_window_paths_a, co_window_broadway_b, co_window_cross_2,
          co_window_corner_cb, co_window_paths_d, co_window_4corner_a,
          glass_columns_a, glass_columns_c, uniq_fannar
D:12:     kennysheep_nondescript, bh_circular_ruins
Temple:   jpeg_temple_clearing
Lair:1:   enter_volcano_4
Abyss:2:  hangedman_abyss_overflow_altar, minivault_11
Abyss:3:  hangedman_abyss_or_decor_lesser_grid, minivault_28,
          onia_ninara_dug_in_and_dangerous
Abyss:4:  minivault_19, evilmike_nicolae_abyss_rune_containment_curve,
          evilmike_abyss_exit_glass, evilmike_abyss_exit_12
Ossuary:  ossuary_tomb_1
Volcano:  volcano_bunker

Skill      XL: |  1  2  3  4  5  6  7  8  9 10 11 12 |
---------------+-------------------------------------+-----
Conjurations   | 1 2 3 5 6 7 8 |  8.2
Fighting       | 1 2 3 4 5 6 8 10 | 10.0
Dodging        | 2 3 4 5 6 7 8 |  8.2
Spellcasting   | 3 4 5 6 7 8 9 |  9.7
Fire Magic     | 3 4 5 6 7 8 |  8.2
Stealth        | 2 3 5 |  5.1
Maces & Flails | 1 2 5 6 7 8 |  8.3

Action                   |  1- 3 |  4- 6 |  7- 9 | 10-12 | 13-15 || total
-------------------------+-------+-------+-------+-------+-------++-------
Melee: Unarmed           |     6 |    20 |       |       |       ||    26
       Flail             |       |     8 |    65 |       |       ||    73
       Giant spiked club |       |       |   159 |   202 |    17 ||   378
 Cast: Flame Tongue      |    67 |   157 |   207 |   274 |       ||   705
       Throw Flame       |     4 |       |     5 |    12 |       ||    21
       Sticky Flame      |       |       |    28 |    92 |     6 ||   126
       Fireball          |       |       |       |    21 |       ||    21
  Use: Scroll            |       |     1 |    22 |     5 |     7 ||    35
       Potion            |       |       |       |       |     1 ||     1
 Stab: Sleeping          |       |     1 |     3 |     7 |       ||    11
       Distracted        |       |       |       |     1 |       ||     1
  Eat: Chunk             |     2 |     8 |    34 |    46 |       ||    90
       Ration            |       |       |     1 |       |       ||     1
Armor: Robe              |     2 |    25 |   139 |   113 |     5 ||   284
       Troll leather arm |       |       |       |       |     8 ||     8
Dodge: Dodged            |    12 |    82 |   265 |   289 |    21 ||   669

Table legend:
 A = Spawn XP
 B = Non-spawn XP
 C = Spawn XP percentage of total XP
 D = Spawn monster count
 E = Non-spawn monster count
 F = Spawn count percentage of total count
 G = Total turns spent on level
                    A         B        C        D         E        F      G
               +---------+---------+-------+---------+---------+-------+---------
         Total |       0 |   33171 |   0.0 |       0 |     414 |   0.0 | 17986
               +---------+---------+-------+---------+---------+-------+---------
           D:1 |       0 |      37 |   0.0 |       0 |      19 |   0.0 |  1631
           D:2 |       0 |     251 |   0.0 |       0 |      34 |   0.0 |  1539
           D:3 |       0 |     126 |   0.0 |       0 |      20 |   0.0 |   970
           D:4 |       0 |    1064 |   0.0 |       0 |      30 |   0.0 |   973
           D:5 |       0 |     618 |   0.0 |       0 |      21 |   0.0 |   914
           D:6 |       0 |     747 |   0.0 |       0 |      22 |   0.0 |   748
           D:7 |       0 |     787 |   0.0 |       0 |      25 |   0.0 |   686
           D:8 |       0 |    1146 |   0.0 |       0 |      17 |   0.0 |   698
           D:9 |       0 |    2138 |   0.0 |       0 |      36 |   0.0 |  1192
          D:10 |       0 |   10292 |   0.0 |       0 |      65 |   0.0 |  3351
          D:11 |       0 |    6115 |   0.0 |       0 |      44 |   0.0 |  1880
          D:12 |       0 |    4381 |   0.0 |       0 |      29 |   0.0 |  1275
        Lair:1 |       0 |    1200 |   0.0 |       0 |       7 |   0.0 |   251
       Ossuary |       0 |     546 |   0.0 |       0 |      39 |   0.0 |  1042
       Volcano |       0 |    3723 |   0.0 |       0 |       6 |   0.0 |   508
               +---------+---------+-------+---------+---------+-------+---------
